 Dungeon Crawl Stone Soup version 0.29.0-11-gd7f09526c8 (webtiles) character file.

Game seed: 2811633144133071299

1 Ijustatesigmund the Trooper (level 1, 0/14 HPs)
             Began as a Gargoyle Fighter on Sept 2, 2022.
             Slain by a goblin
             ... wielding a +0 dagger
              (2 damage)
             ... on level 1 of the Dungeon.
             The game lasted 00:00:27 (281 turns).

Ijustatesigmund the Trooper (Gargoyle Fighter)       Turns: 281, Time: 00:00:27

Health: 0/14       AC:  9    Str: 19    XL:     1   Next: 20%
Magic:  1/1        EV:  9    Int:  8    God:
Gold:   6          SH:  4    Dex:  9    Spells: 0/0 levels left

rFire   . . .      SeeInvis .   a - +0 flail
rCold   . . .      Faith    .   c - +0 buckler
rNeg    + . .      Spirit   .   b - +0 scale mail
rPois   ∞          Reflect  .   (no helmet)
rElec   +          Harm     .   (no cloak)
rCorr   .          Rampage  .   (no gloves)
Will    .....                   (no boots)
Stlth   ..........              (no amulet)
HPRegen 0.04/turn               (no ring)
MPRegen 0.07/turn               (no ring)

@: flying
A: sickness immunity, AC +2, negative energy resistance 1, electricity
resistance, torment resistance 1, petrification resistance
a: no special abilities


You were on level 1 of the Dungeon.
You visited 1 branch of the dungeon, and saw 1 of its levels.

You collected 6 gold pieces.

Inventory:

Hand Weapons
 a - a +0 flail (weapon)
Armour
 b - a +0 scale mail (worn)
 c - a +0 buckler (worn)
Potions
 d - a potion of might


   Skills:
 + Level 3.3 Fighting
 + Level 2.0 Maces & Flails
 - Level 3.2 Armour
 - Level 3.2 Shields


You couldn't memorise any spells.
You didn't know any spells.
Your spell library was empty.

Dungeon Overview and Level Annotations

Branches:
Dungeon (1/15)

Altars:


Innate Abilities, Weirdness & Mutations

You are immune to sickness and miasma.
Your stone body is resilient. (AC +2)
You are immune to poison.
You resist negative energy. (rN+)
You are resistant to electric shocks. (rElec)
You are resistant to unholy torment.
You are immune to petrification.


Message History

The hobgoblin is heavily wounded.
The goblin hits you with a +0 dagger. The hobgoblin closely misses you.
The endoplasm hits you but does no damage.
You thump the hobgoblin!
You kill the hobgoblin!
The endoplasm hits you but does no damage.
The goblin hits you with a +0 dagger.
You barely miss the rat.
The endoplasm hits you but does no damage.
The rat bites you but does no damage. The goblin barely misses you.
The endoplasm freezes you.
You are frozen.
The goblin barely misses you. The rat bites you but does no damage.
You closely miss the rat.
The endoplasm hits you but does no damage.
The goblin barely misses you. The rat bites you but does no damage.
You hit the rat but do no damage. The endoplasm freezes you.
You are frozen.
The rat closely misses you. The goblin closely misses you.
You barely miss the rat.
The endoplasm hits you but does no damage.
The rat barely misses you. The goblin closely misses you.
The endoplasm hits you. The goblin barely misses you.
The rat barely misses you.
You are too injured to fight recklessly!
You are too injured to fight recklessly!
You are too injured to fight recklessly!
You hit the endoplasm but do no damage. The endoplasm freezes you.
You are frozen.
The goblin closely misses you. The rat closely misses you.
You hit the endoplasm but do no damage. The endoplasm freezes you.
You are frozen.
* * * LOW HITPOINT WARNING * * *
The rat bites you but does no damage. The goblin hits you but does no damage.
It was a potion of flight.
You feel very buoyant.
You fly up into the air.
You block the endoplasm's attack. The rat bites you but does no damage.
The goblin hits you with a +0 dagger.
You die...

.# ##. .. #.# #...##
####..#######.#..######
..!.. !...............
#.r##...............
#.g@..~~~~≈~~~≈~~≈~≈
####.J...≈≈≈≈≈≈≈≈≈~~≈≈≈
#........~≈≈≈≈≈≈≈≈≈≈≈≈≈
#.........~≈≈#+#'#≈≈≈≈≈≈
.#.###....~≈≈'...##'###+
# #....~≈≈'...'......
##...~~≈#+###.#####
#....~≈≈≈#...#...#
#..⌠..≈~≈'.⌠.'...#


You could see an endoplasm, a goblin and a rat.

Vanquished Creatures
  A hobgoblin (D:1)
1 creature vanquished.

Notes
Turn   | Place    | Note
-------+----------+-------------------------------------------
     0 | D:1      | Ijustatesigmund the Gargoyle Fighter began the quest for
                  | the Orb.
     0 | D:1      | Reached XP level 1. HP: 14/14 MP: 1/1
   281 | D:1      | Slain by a goblin

Illustrated notes

Levels and vault maps discovered:
D:1:      dpeg_arrival_castle, layout_loops_ring,
          chequers_ecumenical_altar_island

Action                   || total
-------------------------++-------
Melee: Flail             ||     9
  Use: Potion            ||     1
Armor: Scale mail        ||    13
Dodge: Dodged            ||    13
Block: Buckler           ||     2
